 Dungeon Crawl Stone Soup version 0.26-a0-259-g1effd001a9 (webtiles) character file.

Game seed: 2282937107837875666

368 Lugonue the Sneak (level 6, -9/30 HPs)
             Began as a Vine Stalker Artificer on July 23, 2020.
             Shot with an arrow by a centaur (12 damage)
             ... on level 5 of the Dungeon.
             The game lasted 00:07:02 (2992 turns).

Lugonue the Sneak (Vine Stalker Artificer)          Turns: 2992, Time: 00:07:02

Health: -9/30      AC:  5    Str: 14    XL:     6   Next: 69%
Magic:  0/7        EV: 12    Int: 13    God:
Gold:   211        SH:  0    Dex: 15    Spells: 5/5 levels left

rFire    . . .     SeeInvis .   a - +1 short sword
rCold    . . .     Faith    .   (no shield)
rNeg     + . .     Spirit   +   b - +0 leather armour
rPois    .         Reflect  .   (no helmet)
rElec    .         Harm     .   (no cloak)
rCorr    .                      j - +1 pair of gloves
MR       .....                  (no boots)
Stlth    ++........             t - amulet of magic regeneration
HPRegen  0.50/turn              l - ring of positive energy
MPRegen  0.35/turn              (no ring)

@: no status effects
A: fangs 2, regeneration 1, magic shield, antimagic bite, no potion heal 3, rot
immunity
a: no special abilities


You were on level 5 of the Dungeon.
You were not hungry.

You visited 1 branch of the dungeon, and saw 5 of its levels.

You collected 211 gold pieces.

Inventory:

Hand Weapons
 a - a +1 short sword (weapon)
Missiles
 r - 17 poisoned darts (quivered)
Armour
 b - a +0 leather armour (worn)
 j - a +1 pair of gloves (worn)
Jewellery
 i - an uncursed ring of see invisible
 l - a ring of positive energy (left hand)
 s - an uncursed ring of wizardry
 t - an amulet of magic regeneration (around neck)
Wands
 d - a wand of enslavement (15)
 e - a wand of random effects (4)
Scrolls
 h - a scroll of remove curse
 k - 2 scrolls of fog
 o - 5 scrolls of identify
 p - a scroll of magic mapping
 u - a scroll of immolation {unknown}
 w - a scroll of amnesia {unknown}
 x - 2 scrolls of enchant weapon
Potions
 c - 3 potions of cancellation
 g - 3 potions of might {unknown}
 m - a potion of mutation {unknown}
 n - a potion of stabbing {unknown}
 q - a potion of berserk rage {unknown}
 v - a potion of lignification {unknown}
 z - a potion of haste {unknown}
Comestibles
 f - 20 rations


   Skills:
 + Level 2.0 Fighting
 + Level 3.1 Short Blades
 + Level 1.7 Armour
 + Level 2.2 Dodging
 * Level 4.0 Stealth
 + Level 3.6 Evocations


You had 5 spell levels left.
You didn't know any spells.
Your spell library was empty.

Dungeon Overview and Level Annotations

Branches:
Dungeon (5/15)
 Temple: D:4-7

Altars:
Trog


Innate Abilities, Weirdness & Mutations

You have extremely sharp teeth.
Your natural rate of healing is unusually fast.
When hurt, damage is shared between your health and your magic reserves.
Your bite disrupts and absorbs the magic of your enemies.
Potions cannot restore your health.
You are immune to rotting.


Message History

Unknown command.
As you read the scroll of fog, it crumbles to dust.
The scroll dissolves into smoke.
The centaur closely misses you.
The bullfrog zombie hits you but does no damage.
The centaur hits you but does no damage.
The bullfrog zombie hits you but does no damage.
You barely miss the centaur.
The centaur is lightly wounded.
The centaur barely misses you. The bullfrog zombie closely misses you.
Unknown command.
You hit the centaur. You bite the centaur. You drain its power.
You feel invigorated.
The centaur is moderately wounded.
The centaur hits you.
* * * LOW HITPOINT WARNING * * *
The bullfrog zombie hits you.
* * * LOW HITPOINT WARNING * * *
The centaur wields a +0 shortbow.
The centaur shoots an arrow.
The arrow hits you!
You die...

######.....
#..........
##
#.#####....
.. #.#
##... #.
##.# ####
#. #..# ##
#§#####.##
#.
##§§§..).#
#..
#§@Z######
#.. #§§#§#
.... #§##c#
....# #.
#§# ##..#
.. ... #.#
.. ... .. .
..... ...##
.oo.#


You could see a centaur and a bullfrog zombie.

Vanquished Creatures
  A phantom (D:4)
  A hound (D:5)
  A bullfrog skeleton (D:5)
  An orc priest (D:3)
  8 adders
  A shadow imp (D:5)
  3 oozes
  A worm (D:2)
  2 dart slugs
  3 leopard geckos
  9 orcs
  A ball python (D:4)
  2 giant cockroaches
  12 goblins
  5 hobgoblins
  10 jackals
  6 kobolds
  5 quokkas
  7 bats
  2 frilled lizards
  2 rats
83 creatures vanquished.

Notes
Turn   | Place    | Note
-------+----------+-------------------------------------------
     0 | D:1      | Lugonue the Vine Stalker Artificer began the quest for the
                  | Orb.
     0 | D:1      | Reached XP level 1. HP: 9/9 MP: 2/2
   331 | D:1      | Reached XP level 2. HP: 9/14 MP: 1/3
   734 | D:2      | Reached skill level 1 in Short Blades
   746 | D:2      | Reached skill level 1 in Fighting
   892 | D:2      | Reached skill level 2 in Stealth
   892 | D:2      | Reached XP level 3. HP: 17/18 MP: 2/4
  1009 | D:2      | Found a bloodstained altar of Trog.
  1174 | D:2      | Gained mutation: Your natural rate of healing is unusually
                  | fast. [Vine Stalker growth]
  1174 | D:2      | Reached XP level 4. HP: 21/22 MP: 5/5
  1491 | D:3      | Reached XP level 5. HP: 19/25 MP: 2/6
  1520 | D:3      | Reached skill level 1 in Armour
  1617 | D:3      | Reached skill level 3 in Stealth
  2339 | D:4      | Noticed a phantom
  2360 | D:4      | Killed a phantom
  2360 | D:4      | Reached XP level 6. HP: 30/30 MP: 7/7
  2689 | D:5      | Entered Level 5 of the Dungeon
  2841 | D:5      | Reached skill level 4 in Stealth
  2992 | D:5      | Shot with an arrow by a centaur

Illustrated notes

Levels and vault maps discovered:
D:1:      lightli_arrival_boilingwater, layout_basic, due_unseen_surprise
D:2:      layout_rooms, first_ration, chequers_serial_rivers_room_a,
          trog_three_pillars_becter
D:3:      layout_basic, minmay_bisected
D:4:      layout_gridville, minmay_statues_item
D:5:      minmay_spotlight, layout_rooms, uniq_sigmund

Skill      XL: |  1  2  3  4  5  6 |
---------------+-------------------+-----
Evocations     | 3 |  3.6
Short Blades   | 1 2 3 |  3.1
Fighting       | 1 2 |  2.0
Stealth        | 2 3 4 |  4.0
Armour         | 1 |  1.7
Dodging        | 2 |  2.2

Action                   |  1- 3 |  4- 6 || total
-------------------------+-------+-------++-------
Melee: Short sword       |    61 |   232 ||   293
       Bite              |     7 |    48 ||    55
Throw: Dart              |       |     6 ||     6
Evoke: Wand              |     8 |    18 ||    26
  Use: Scroll            |       |    10 ||    10
 Stab: Sleeping          |     4 |     3 ||     7
       Paralysed         |       |     2 ||     2
  Eat: Ration            |     1 |     1 ||     2
Armor: Leather armour    |    26 |    63 ||    89
Dodge: Dodged            |    56 |   176 ||   232

Table legend:
 A = Non-vault XP
 B = Vault XP
 C = Vault XP percentage of total XP
 D = Non-vault monster count
 E = Vault monster count
 F = Vault count percentage of total count
                 A         B        C        D         E       F
            +---------+---------+-------+---------+---------+-------
      Total |     448 |      78 |  14.8 |      76 |       7 |   8.4
            +---------+---------+-------+---------+---------+-------
        D:1 |      15 |       0 |   0.0 |       8 |       0 |   0.0
        D:2 |      99 |       0 |   0.0 |      18 |       0 |   0.0
        D:3 |     114 |      17 |  13.0 |      32 |       3 |   8.6
        D:4 |     157 |       0 |   0.0 |      14 |       0 |   0.0
        D:5 |      63 |      61 |  49.2 |       4 |       4 |  50.0
            +---------+---------+-------+---------+---------+-------
